 Dungeon Crawl Stone Soup version 0.31-a0-675-g238779eb0a (webtiles) character file.

Game seed: 12326793289080173614

310310 RepHenryClay the Tortoise (level 21, 0/167 HPs)
             Began as a Gnoll Brigand on Sept 4, 2023.
             Was the Champion of Okawaru.
             Killed from afar by a green death (19 damage)
             ... with a poison arrow
             ... summoned by a dread lich
             ... while paralysed by a dread lich
             ... on level 4 of the Vaults on Sept 6, 2023.
             The game lasted 02:07:26 (52045 turns).

RepHenryClay the Tortoise (Gnoll Brigand)          Turns: 52045, Time: 02:07:26

Health: 0/167      AC: 25    Str: 15    XL:     21   Next: 25%
Magic:  39/39      EV:  2    Int: 13    God:    Okawaru [******]
Gold:   2404       SH:  0    Dex: 30    Spells: 17/48 levels left

rFire   + . .        a - +3 Elemental Staff {ele, rElec rF+ rC+ AC+3}
rCold   + + +        w - +1 buckler of Niklun {Will+ Dex+4}
rNeg    . . .        M - +7 leather armour "Qol Cug" {rC+}
rPois   +            e - +3 crown of Dyrovepreva {rElec Int+2 SInv}
rElec   +            F - +1 cloak {rPois}
rCorr   +            z - +0 pair of gloves of the Shining Light {Drain +Inv rElec rCorr}
SInv    +            T - +1 pair of boots of Qarghioloi {Drain rC+++ SInv Stlth-}
Will    ++...        l - amulet of reflection
Stlth   ++++++       E - +6 ring of dexterity
HPRegen 0.47/turn    t - +4 ring of slaying
MPRegen 0.26/turn

%: reflection
@: paralysed, lethally poisoned (0 -> -7), studying Armour
A: fangs 1, strong nose, distributed training, talons 1
}: 2/15 runes: decaying, gossamer
a: Renounce Religion, Evoke Invisibility, Heroism, Finesse, Duel


You were on level 4 of the Vaults.
You worshipped Okawaru.
Okawaru was exalted by your worship.
You visited 7 branches of the dungeon, and saw 35 of its levels.
You also visited: Bailey and Ice Cave.

You collected 3687 gold pieces.
You spent 1283 gold pieces at shops.

Inventory:

Hand Weapons
 a - the +3 Elemental Staff (weapon) {ele, rElec rF+ rC+ AC+3}
   (You took it off a kobold in a bailey)

   AC+3:      It affects your AC (+3).
   rF+:       It protects you from fire.
   rC+:       It protects you from cold.
   rElec:     It insulates you from electricity.
 b - a +2 dagger of electrocution
 n - a +0 spectral demon blade
Missiles
 d - 29 poisoned darts (quivered)
 D - 12 javelins
 G - 2 curare-tipped darts
 O - 16 throwing nets
 V - 7 atropa-tipped darts
 X - 14 silver javelins
Armour
 e - the +3 crown of Dyrovepreva (worn) {rElec Int+2 SInv}
   (You found it on level 4 of the Lair of Beasts)

   Int+2:     It affects your intelligence (+2).
   rElec:     It insulates you from electricity.
   SInv:      It lets you see invisible.
 w - the +1 buckler of Niklun (worn) {Will+ Dex+4}
   (You found it on level 2 of the Vaults)

   Dex+4:     It affects your dexterity (+4).
   Will+:     It increases your willpower.
 z - the +0 pair of gloves of the Shining Light (worn) {Drain +Inv rElec rCorr}
   (You found it on level 4 of the Spider Nest)

   rElec:     It insulates you from electricity.
   +Inv:      It lets you turn invisible.
   rCorr:     It protects you from acid and corrosion.
   Drain:     It drains your maximum health when unequipped.
 F - a +1 cloak of poison resistance (worn)
 M - the +7 leather armour "Qol Cug" (worn) {rC+}
   (You found it on level 11 of the Dungeon)

   rC+:       It protects you from cold.
 T - the +1 pair of boots of Qarghioloi (worn) {Drain rC+++ SInv Stlth-}
   (You found it on level 7 of the Dungeon)

   rC+++:     It renders you almost immune to cold.
   SInv:      It lets you see invisible.
   Drain:     It drains your maximum health when unequipped.
   Stlth-:    It makes you less stealthy.
Jewellery
 l - an amulet of reflection (around neck)
 m - a ring of flight
 q - a ring of willpower
 t - a +4 ring of slaying (right hand)
 u - a ring of resist corrosion
 E - a +6 ring of dexterity (left hand)
 W - a ring of see invisible
Wands
 i - a wand of acid (10)
 L - a wand of mindburst (30)
 Y - a wand of roots (46)
Scrolls
 c - a scroll of butterflies
 f - 3 scrolls of brand weapon
 g - 3 scrolls of enchant weapon
 h - 9 scrolls of fog
 p - 6 scrolls of teleportation
 v - 8 scrolls of enchant armour
 B - 3 scrolls of blinking
 C - 6 scrolls of immolation
 N - 6 scrolls of revelation
 P - 2 scrolls of fear
Potions
 j - 3 potions of cancellation
 k - 9 potions of curing
 r - 5 potions of brilliance
 s - 8 potions of ambrosia
 x - 6 potions of mutation
 y - 4 potions of might
 A - 3 potions of magic
 I - 6 potions of haste
 J - 4 potions of enlightenment
 K - 13 potions of heal wounds
 Q - a potion of resistance
 R - 5 potions of lignification
 S - 5 potions of attraction
 U - a potion of invisibility
 Z - 4 potions of berserk rage
Miscellaneous
 o - a condenser vane
 H - a lightning rod (4/4)


   Skills:
 + Level 14.9 Fighting
 + Level 14.9 Short Blades
 + Level 14.2 Long Blades
 + Level 14.2 Axes
 + Level 14.2 Maces & Flails
 + Level 14.2 Polearms
 + Level 14.2 Staves
 + Level 14.2 Ranged Weapons
 + Level 14.9 Throwing
 + Level 17.6 Armour
 + Level 14.4 Dodging
 + Level 16.0 Stealth
 + Level 14.2 Shields
 + Level 14.2 Unarmed Combat
 + Level 14.2 Spellcasting
 + Level 12.1 Conjurations
 + Level 12.1 Hexes
 + Level 12.1 Summonings
 + Level 12.1 Necromancy
 + Level 12.1 Translocations
 + Level 12.1 Transmutations
 + Level 12.1 Fire Magic
 + Level 12.1 Ice Magic
 + Level 12.1 Air Magic
 + Level 12.1 Earth Magic
 + Level 12.1 Poison Magic
 + Level 15.4 Invocations
 + Level 14.2 Evocations
 + Level 13.1 Shapeshifting


You had 17 spell levels left.
You knew the following spells:

 Your Spells              Type           Power      Damage    Failure   Level
a - Freezing Cloud        Conj/Ice/Air   37%        6-21      1%          5
b - Cigotuvi's Dreadful   Necr/Pois/Air  100%       N/A       1%          2
c - Lesser Beckoning      Tloc           80%        N/A       1%          2
d - Poisonous Vapours     Pois/Air       100%       N/A       1%          2
e - Olgreb's Toxic Radia  Pois           40%        N/A       1%          4
f - Ignite Poison         Fire/Tmut/Pois 57%        N/A       1%          3
g - Portal Projectile     Hex/Tloc       80%        N/A       1%          3
h - Leda's Liquefaction   Hex/Erth       28%        N/A       1%          4
i - Eringya's Noxious Bo  Tmut/Pois      20%        4d6       10%         6

Your spell library contained the following spells:

 Spells                   Type           Power      Damage    Failure   Level
 Freeze                   Ice            100%       1d10      1%          1
 Slow                     Hex            100%       N/A       1%          1
 Sting                    Tmut/Pois      100%       1d8       1%          1
 Confusing Touch          Hex            40%        N/A       1%          3
 Frozen Ramparts          Ice            100%       1d16      1%          3
 Gell's Gravitas          Tloc           40%        N/A       1%          3
 Hailstorm                Conj/Ice       57%        3d12      1%          3
 Inner Flame              Hex/Fire       57%        N/A       1%          3
 Teleport Other           Tloc           40%        N/A       1%          3
 Vampiric Draining        Necr           40%        2d8       1%          3
 Dispel Undead            Necr           40%        3d16      1%          4
 Passage of Golubria      Tloc           40%        N/A       1%          4
 Irradiate                Conj/Tmut      20%        3d18      1%          5
 Lee's Rapid Deconstruct  Erth           28%        3d15*     1%          5
 Yara's Violent Unravell  Hex/Tmut       20%        3d9       1%          5
 Conjure Ball Lightning   Conj/Air       28%        3x3d8     10%         6
 Enfeeble                 Hex            20%        N/A       50%         7
 Ozocubu's Refrigeration  Ice            28%        4d13      50%         7
 Discord                  Hex            20%        N/A       99%         8
 Disjunction              Tloc           20%        N/A       99%         8
 Polar Vortex             Ice            28%        12d3*     100%        9
 Call Canine Familiar     Summ           Unusable   N/A       N/A         3
 Tukima's Dance           Hex            Unusable   N/A       N/A         3
 Animate Armour           Summ/Erth      Unusable   N/A       N/A         4
 Summon Lightning Spire   Summ/Air       Unusable   N/A       N/A         4
 Summon Forest            Summ/Tloc      Unusable   N/A       N/A         5
 Death Channel            Necr           Unusable   N/A       N/A         6
 Simulacrum               Ice/Necr       Unusable   N/A       N/A         6
 Spellforged Servitor     Conj/Summ      Unusable   N/A       N/A         7
 Summon Hydra             Summ           Unusable   N/A       N/A         7

Dungeon Overview and Level Annotations

Branches:
Dungeon (15/15)            Temple (1/1) D:4            Lair (5/5) D:8
  Swamp (4/4) Lair:3       Spider (4/4) Lair:3        Slime (0/5) Lair:4
    Orc (2/2) D:11            Elf (0/3) Orc:2        Vaults (4/5) D:13
  Crypt (0/3) Vaults:2     Depths (0/4) D:15         Bailey (visited)
  IceCv (visited)

Altars:
Ashenzari
Cheibriados
Dithmenos
Elyvilon
Fedhas
Gozag
Hepliaklqana
Kikubaaqudgha
Makhleb
Nemelex Xobeh
Okawaru
Qazlal
Ru
Sif Muna
Trog
Uskayaw
Vehumet
Wu Jian
Xom
Yredelemnul
Zin
The Shining One
Jiyva

Shops:
D:2 :   D:7 :   D:8 !   Orc:2 [*(:   Vaults:3 (=(

Annotations:
D:7 3 runed translucent doors, Sanktem7's ghost, novice MiFi; Thatotherguy's ghost, amateur HuHu
D:9 3 runed translucent doors, LobsterGuardian's ghost, novice TeCj
D:10 1 runed translucent door
Lair:1 1 runed translucent door, particleface's ghost, journeyman HuSh
Swamp:4 3 runed translucent doors, Palms's ghost, adept VSSu; gurdl9716's ghost, adept HOCA


Innate Abilities, Weirdness & Mutations

You have very sharp teeth.
Your uncanny sense of smell can sniff out nearby items.
Your experience applies equally to all skills.
You have sharp toenails.


Message History

The dread lich points at you and mumbles some strange words.
You resist with significant effort. You block the tormentor's attack. x2
You closely miss the dread lich.
The dread lich is severely damaged.
The dread lich casts a spell at you. You resist with significant effort.
The green death closely misses you.
The tormentor calls on the powers of darkness!
Your body is wracked with pain!
Huge Dmg: -39%(-66hp) hp: 42%(69hp)
You hit the dread lich but do no damage.
You electrocute the dread lich.
The dread lich is almost destroyed.
The dread lich casts a spell.
The tormentor closely misses you. You block the tormentor's attack.
The green death hits you.
Damage: -1%(-1hp) hp: 41%(68hp)
You hit the dread lich but do no damage.
You freeze the dread lich.
The dread lich is almost destroyed.
The dread lich casts a spell at you. You resist with significant effort.
You hit the dread lich but do no damage.
You electrocute the dread lich.
The dread lich is almost destroyed.
The dread lich casts a spell at you.
You suddenly lose the ability to move!
The tormentor calls on the powers of darkness!
Your body is wracked with pain!
* * * LOW HITPOINT WARNING * * *
The green death hits you but does no damage.
The dread lich gestures at you while chanting.
You shrug off the repeated paralysis!
The tormentor calls on the powers of darkness!
Your body is wracked with pain!
* * * LOW HITPOINT WARNING * * *
The green death gestures at you. The poison arrow hits you!!
You are poisoned.
You partially resist.
You die...

### '.##
'..## ..
#...###..
#2...#'#
#L2..(##
#@.....##
#.2..^..#
#[.......
#####(#######
#......#
#......#
#......#
#......#
#......#


You could see a dread lich (fast, invisible), a hell beast (summoned), a green
death (summoned) and a tormentor (summoned).

Vanquished Creatures
  A tentacled monstrosity (Swamp:3)
  Asterion (Spider:2)
  5 thorn hunters (Swamp:2)
  Kirke (Swamp:3)
  4 sphinxes
  A revenant (Vaults:2)
  A deep elf sorcerer (Vaults:3)
  10 vault wardens
  4 ghost moths
  4 emperor scorpions (Spider:4)
  An orc warlord (Orc:2)
  2 ghouls (Swamp:2)
  3 formless jellyfish
  7 ironbound thunderhulks
  3 broodmothers
  A quicksilver ooze (Vaults:2)
  8 ironbound preservers
  A very ugly thing (Vaults:3)
  A deep elf annihilator (Vaults:1)
  10 bunyips
  11 dire elephants
  6 eleionomae
  A spark wasp (Spider:4)
  An ettin (Orc:2)
  A deep elf death mage (Vaults:2)
  14 yaktaur captains
  An entropy weaver (shapeshifter) (D:13)
  5 entropy weavers
  A great orb of eyes (Vaults:2)
  8 vault guards
  3 shambling mangroves
  A rakshasa (D:14)
  A peacekeeper (Vaults:3)
  3 catoblepae (Lair:5)
  16 hydras
  A jorogumo (Spider:1)
  4 ice dragons (Swamp:4)
  10 ironbound frosthearts
  An ogre mage (Orc:1)
  8 centaur warriors
  5 radroaches
  9 two-headed ogres
  10 alligators
  13 boulder beetles
  4 tengu warriors
  A spriggan berserker (Swamp:3)
  3 demonic crawlers
  A vampire mage (Vaults:2)
  7 death yaks (Lair:5)
  4 orc high priests (Orc:2)
  A skyshark (Lair:3)
  4 goliath frogs
  3 pharaoh ants
  20 deep trolls
  A spriggan druid (Swamp:1)
  8 orb spiders
  8 bog bodies
  14 lindwurms
  A swamp dragon (shapeshifter) (D:15)
  4 swamp dragons
  4 necromancers
  5 wizards
  A phantasmal warrior (Vaults:2)
  3 steelbarb worms
  15 ironbound convokers
  5 deep elf pyromancers
  4 orc knights
  5 orc sorcerers
  7 cyclopes
  18 ugly things
  5 oklob plants
  15 wolf spiders
  A centaur zombie (D:15)
  A will-o-the-wisp (Swamp:3)
  6 manticores
  An elephant (Lair:4)
  A naga mage (D:15)
  A torpor snail (Spider:2)
  12 vault sentinels
  6 black mambas
  A centaur skeleton (D:15)
  A moth of wrath (Spider:4)
  14 cane toads
  3 gargoyles
  2 ice statues (IceCv)
  Joseph (D:7)
  5 rime drakes
  7 freezing wraiths
  2 kobold demonologists
  33 yaktaurs
  2 efreet
  A yaktaur (shapeshifter) (D:15)
  15 komodo dragons
  4 ice devils (IceCv)
  A tengu conjurer (D:15)
  7 trolls
  11 hornets
  7 tyrant leeches
  21 tarantellas
  6 polar bears
  7 blink frogs
  A harpy skeleton (D:15)
  35 slime creatures
  13 culicivoras
  33 jumping spiders
  2 vampires (D:11)
  58 yaks
  2 spriggans
  2 shadows
  5 water elementals (D:14)
  A human (Swamp:3)
  4 wraiths
  2 wyverns
  5 hogs (Swamp:3)
  A hog (shapeshifter) (D:15)
  67 redbacks
  A steam dragon (D:9)
  22 vampire mosquitoes
  6 swamp worm simulacra (Swamp:4)
  2 wargs (Orc:1)
  6 basilisks
  Grum (D:7)
  Menkaure (D:4)
  2 death yak simulacra (IceCv)
  9 swamp worms
  7 acid dragons
  14 water moccasins
  14 hydra simulacra (Swamp:4)
  6 swamp drakes
  46 orc warriors
  3 black bears
  A sky beast (D:6)
  24 wolves
  11 ogres
  14 centaurs
  A phantom (D:6)
  6 gnoll sergeants
  A kobold brigand (D:9)
  A two-headed ogre simulacrum (IceCv)
  11 bullfrogs
  4 scorpions
  Blork the orc (D:5)
  7 wights (D:9)
  15 killer bees
  An elephant simulacrum (IceCv)
  30 electric eels
  7 howler monkeys
  2 gnoll boudas (D:7)
  14 hounds
  15 jellies
  21 orc priests
  Crazy Yiuf (D:6)
  37 orc wizards
  3 iguanas
  A polar bear simulacrum (IceCv)
  A boggart simulacrum (D:15)
  14 adders
  27 gnolls
  2 white imps
  5 ufetubi
  2 swamp drake simulacra (Swamp:4)
  3 worms
  3 dart slugs
  85 orcs
  8 ball pythons
  20 endoplasms
  A giant cockroach (D:3)
  15 goblins
  8 hobgoblins
  9 jackals
  26 kobolds
  5 quokkas
  8 bats
  6 frilled lizards
  6 rats
1408 creatures vanquished.

Vanquished Creatures (others)
  A ghoul (Swamp:3)
  4 bloated husks
  A centaur (D:11)
  2 orcs (Orc:2)
8 creatures vanquished.

Grand Total: 1416 creatures vanquished

Notes
Turn   | Place    | Note
-------+----------+-------------------------------------------
     0 | D:1      | RepHenryClay the Gnoll Brigand began the quest for the Orb.
     0 | D:1      | Reached XP level 1. HP: 20/20 MP: 1/1
   168 | D:1      | Reached XP level 2. HP: 24/26 MP: 2/2
   489 | D:1      | Reached XP level 3. HP: 31/31 MP: 3/3
   532 | D:1      | Found a faded altar of an unknown god.
   684 | D:2      | Found Tiroxzao's Vocational Training.
   691 | D:2      | Reached skill level 1 in Invocations
   773 | D:2      | Reached skill level 1 in Long Blades
   773 | D:2      | Reached skill level 1 in Axes
   773 | D:2      | Reached skill level 1 in Maces & Flails
   773 | D:2      | Reached skill level 1 in Polearms
   773 | D:2      | Reached skill level 1 in Staves
   773 | D:2      | Reached skill level 1 in Ranged Weapons
   773 | D:2      | Reached skill level 1 in Armour
   773 | D:2      | Reached skill level 1 in Shields
   773 | D:2      | Reached skill level 1 in Unarmed Combat
   773 | D:2      | Reached skill level 1 in Spellcasting
   773 | D:2      | Reached skill level 1 in Evocations
   787 | D:2      | Reached XP level 4. HP: 36/38 MP: 5/5
   808 | D:2      | Reached skill level 1 in Shapeshifting
   874 | D:2      | Reached skill level 1 in Conjurations
   874 | D:2      | Reached skill level 1 in Hexes
   874 | D:2      | Reached skill level 1 in Summonings
   874 | D:2      | Reached skill level 1 in Necromancy
   874 | D:2      | Reached skill level 1 in Translocations
   874 | D:2      | Reached skill level 1 in Transmutations
   874 | D:2      | Reached skill level 1 in Fire Magic
   874 | D:2      | Reached skill level 1 in Ice Magic
   874 | D:2      | Reached skill level 1 in Air Magic
   874 | D:2      | Reached skill level 1 in Earth Magic
   874 | D:2      | Reached skill level 1 in Poison Magic
   950 | D:2      | Reached XP level 5. HP: 38/43 MP: 5/7
  1311 | D:3      | Found an opulent altar of Gozag.
  2122 | D:4      | Noticed Menkaure
  2131 | D:4      | Gained mutation: You have sharp toenails. [potion of
                  | mutation]
  2136 | D:4      | Killed Menkaure
  2137 | D:4      | Reached skill level 5 in Fighting
  2137 | D:4      | Reached skill level 5 in Short Blades
  2137 | D:4      | Reached skill level 5 in Throwing
  2137 | D:4      | Reached skill level 2 in Armour
  2137 | D:4      | Reached XP level 6. HP: 6/51 MP: 7/9
  2455 | D:4      | Found a staircase to the Ecumenical Temple.
  2472 | Temple   | Entered the Ecumenical Temple
  3092 | D:5      | Entered Level 5 of the Dungeon
  3158 | D:5      | Noticed a black bear
  3168 | D:5      | Killed a black bear
  3169 | D:5      | Reached XP level 7. HP: 52/56 MP: 10/10
  3410 | D:5      | Found a broken altar of Ashenzari.
  3413 | D:5      | Found an iron altar of Okawaru.
  3413 | D:5      | Found a basalt altar of Yredelemnul.
  3417 | D:5      | Found a glowing golden altar of the Shining One.
  3418 | D:5      | Found an ornate altar of the Wu Jian Council.
  3422 | D:5      | Became a worshipper of Warmaster Okawaru
  3809 | D:5      | Noticed a wyvern
  3879 | D:4      | Killed a wyvern
  3880 | D:4      | Reached XP level 8. HP: 36/63 MP: 12/12
  4025 | D:6      | Reached skill level 3 in Armour
  4085 | D:6      | Reached * piety under Okawaru
  4961 | D:6      | Found a shimmering blue altar of Sif Muna.
  4964 | D:6      | Found a snail-covered altar of Cheibriados.
  4965 | D:6      | Found a bloodstained altar of Trog.
  4966 | D:6      | Found a sacrificial altar of Ru.
  5518 | D:6      | Found a runed translucent door.
  5519 | D:6      | Noticed Crazy Yiuf
  5534 | D:6      | Killed Crazy Yiuf
  5575 | D:7      | Found a runed translucent gate.
  5575 | D:7      | Found a runed translucent gate.
  5575 | D:7      | Found a runed translucent gate.
  5578 | D:7      | Noticed a troll
  5579 | D:7      | Noticed Thatotherguy's ghost (amateur HuHu)
  5579 | D:7      | Noticed Sanktem7's ghost (novice MiFi)
  5606 | D:7      | Killed a troll
  5607 | D:7      | Reached XP level 9. HP: 61/69 MP: 14/14
  5657 | D:7      | Noticed Joseph
  5674 | D:6      | Reached skill level 4 in Armour
  5729 | D:7      | Found a flagged portal.
  5751 | Bailey   | Entered a bailey
  5769 | Bailey   | Noticed an orc knight
  5974 | Bailey   | Reached ** piety under Okawaru
  6094 | Bailey   | Reached skill level 5 in Dodging
  6728 | Bailey   | Killed an orc knight
  6729 | Bailey   | Reached skill level 5 in Invocations
  6825 | Bailey   | Reached *** piety under Okawaru
  7365 | D:7      | Reached XP level 10. HP: 76/77 MP: 17/17
  7426 | D:6      | Reached skill level 5 in Long Blades
  7426 | D:6      | Reached skill level 5 in Axes
  7426 | D:6      | Reached skill level 5 in Maces & Flails
  7426 | D:6      | Reached skill level 5 in Polearms
  7426 | D:6      | Reached skill level 5 in Staves
  7426 | D:6      | Reached skill level 5 in Ranged Weapons
  7426 | D:6      | Reached skill level 5 in Armour
  7426 | D:6      | Reached skill level 5 in Shields
  7426 | D:6      | Reached skill level 5 in Unarmed Combat
  7426 | D:6      | Reached skill level 5 in Spellcasting
  7426 | D:6      | Reached skill level 5 in Evocations
  7687 | D:7      | Found Hopn's Book Emporium.
  7855 | D:7      | Killed Joseph
  7947 | D:7      | Reached **** piety under Okawaru
  8260 | D:7      | Noticed Grum
  8384 | D:7      | Identified the +1 pair of boots of Qarghioloi {Drain rC+++
                  | SInv Stlth-}
  8605 | D:7      | Killed Grum
  8862 | D:8      | Reached skill level 5 in Shapeshifting
  8987 | D:8      | Noticed a two-headed ogre
  9008 | D:8      | Killed a two-headed ogre
  9027 | D:8      | Reached ***** piety under Okawaru
  9289 | D:8      | Received a gift from Okawaru
  9344 | D:8      | Reached XP level 11. HP: 68/84 MP: 19/19
  9361 | D:8      | Found a staircase to the Lair.
  9573 | D:8      | Reached skill level 6 in Armour
  9662 | D:8      | Reached skill level 5 in Conjurations
  9662 | D:8      | Reached skill level 5 in Hexes
  9662 | D:8      | Reached skill level 5 in Summonings
  9662 | D:8      | Reached skill level 5 in Necromancy
  9662 | D:8      | Reached skill level 5 in Translocations
  9662 | D:8      | Reached skill level 5 in Transmutations
  9662 | D:8      | Reached skill level 5 in Fire Magic
  9662 | D:8      | Reached skill level 5 in Ice Magic
  9662 | D:8      | Reached skill level 5 in Air Magic
  9662 | D:8      | Reached skill level 5 in Earth Magic
  9662 | D:8      | Reached skill level 5 in Poison Magic
  9976 | D:8      | Found Zeurrionn's Distillery.
  9984 | D:8      | Bought a potion of heal wounds for 65 gold pieces
 10078 | D:8      | Identified the +6 chain mail "Qulol" {Dex+3}
 10550 | D:9      | Identified the +2 leather armour of Hyupref {Rampage rF-
                  | Regen+}
 10605 | D:9      | Reached skill level 10 in Stealth
 10699 | D:9      | Noticed a two-headed ogre
 10713 | D:9      | Killed a two-headed ogre
 10713 | D:9      | Received a gift from Okawaru
 10999 | D:9      | Noticed a two-headed ogre
 11013 | D:9      | Killed a two-headed ogre
 11138 | D:9      | Found a runed translucent gate.
 11139 | D:9      | Found a runed translucent gate.
 11140 | D:9      | Found a runed translucent gate.
 11141 | D:9      | Found an opulent altar of Gozag.
 11142 | D:9      | Noticed LobsterGuardian's ghost (novice TeCj)
 11144 | D:9      | Noticed a tengu warrior
 11365 | D:9      | Identified the +1 pair of gloves of the Caustic God {Contam
                  | Slay+2 SInv} (Okawaru gifted it to you on level 9 of the
                  | Dungeon)
 11365 | D:9      | Received a gift from Okawaru
 11992 | D:5      | Noticed Blork the orc
 12001 | D:5      | Killed Blork the orc
 12117 | D:5      | Found a broken altar of Ashenzari.
 12120 | D:5      | Found an iron altar of Okawaru.
 12120 | D:5      | Found a basalt altar of Yredelemnul.
 12123 | D:5      | Found a glowing golden altar of the Shining One.
 12124 | D:5      | Found an ornate altar of the Wu Jian Council.
 13015 | D:10     | Entered Level 10 of the Dungeon
 13019 | D:10     | Found a white marble altar of Elyvilon.
 13519 | D:10     | Found a runed translucent door.
 13524 | D:10     | Noticed a fire crab
 14438 | D:11     | Noticed a boulder beetle
 14449 | D:11     | Noticed a cyclops
 14473 | D:10     | Killed a boulder beetle
 14474 | D:10     | Reached skill level 7 in Armour
 14474 | D:10     | Reached XP level 12. HP: 74/94 MP: 22/22
 14650 | D:11     | Found a shimmering blue altar of Sif Muna.
 14746 | D:11     | Noticed a tengu warrior
 14749 | D:11     | Noticed a boulder beetle
 14760 | D:11     | Killed a tengu warrior
 14785 | D:11     | Killed a boulder beetle
 14866 | D:11     | Identified the +7 leather armour "Qol Cug" {rC+}
 15058 | D:11     | Received a gift from Okawaru
 15802 | D:11     | Noticed a two-headed ogre
 15807 | D:11     | Killed a two-headed ogre
 16148 | D:11     | Identified the +1 scale mail of the Ward {Str+7} (Okawaru
                  | gifted it to you on level 11 of the Dungeon)
 16148 | D:11     | Received a gift from Okawaru
 16260 | D:11     | Found a staircase to the Orcish Mines.
 16377 | Orc:1    | Entered Level 1 of the Orcish Mines
 16430 | Orc:2    | Entered Level 2 of the Orcish Mines
 16542 | Orc:1    | Noticed an ogre mage
 16546 | Orc:1    | Noticed a two-headed ogre
 16553 | Orc:1    | Killed an ogre mage
 16556 | Orc:1    | Killed a two-headed ogre
 16563 | Orc:1    | Reached XP level 13. HP: 101/101 MP: 24/24
 16589 | Orc:1    | You fall into a shaft and drop 1 floor!
 16593 | Orc:2    | Noticed an ettin
 16602 | Orc:2    | Reached skill level 8 in Armour
 16612 | Orc:2    | Killed an ettin
 16793 | Orc:1    | Found a frozen archway.
 16860 | IceCv    | Entered an ice cave
 18221 | Orc:2    | Received a gift from Okawaru
 18773 | Orc:1    | Identified the +0 helmet of the Immovable People {Harm
                  | Dex+2} (Okawaru gifted it to you on level 1 of the Orcish
                  | Mines)
 18773 | Orc:1    | Received a gift from Okawaru
 19196 | Orc:1    | Learned a level 5 spell: Freezing Cloud
 19199 | Orc:1    | Learned a level 2 spell: Cigotuvi's Dreadful Rot
 19515 | Orc:2    | Noticed an orc warlord
 19549 | Orc:2    | Killed an orc warlord
 19881 | Orc:2    | Reached skill level 10 in Fighting
 19881 | Orc:2    | Reached skill level 10 in Short Blades
 19881 | Orc:2    | Reached skill level 10 in Throwing
 20045 | Orc:2    | Paralysed by an orc sorcerer for 2 turns
 20247 | Orc:2    | Found a staircase to the Elven Halls.
 20428 | Orc:2    | Found Vama's General Store.
 20429 | Orc:2    | Found Ucron's Book Shop.
 20431 | Orc:2    | Found Tilasuss's Antique Armour Boutique.
 20431 | Orc:2    | Found Mohosyom's Antique Weapon Boutique.
 20446 | Orc:2    | Bought a scroll of identify for 28 gold pieces
 20446 | Orc:2    | Bought 2 potions of degeneration for 28 gold pieces
 20450 | Orc:2    | Bought a book of Displacement for 308 gold pieces
 20450 | Orc:2    | Bought a Young Poisoner's Handbook for 280 gold pieces
 20451 | Orc:2    | Bought an amulet of reflection for 420 gold pieces
 20467 | Orc:2    | Bought a faintly glowing dagger for 154 gold pieces
 20467 | Orc:2    | Identified the +1 dagger of Discord {freeze, rElec MP+9}
                  | (You bought it in a shop on level 2 of the Orcish Mines)
 20758 | Lair:1   | Entered Level 1 of the Lair of Beasts
 20783 | Lair:1   | Reached skill level 9 in Armour
 20783 | Lair:1   | Reached XP level 14. HP: 110/110 MP: 25/27
 20957 | Lair:1   | Learned a level 2 spell: Lesser Beckoning
 20960 | Lair:1   | Learned a level 2 spell: Poisonous Vapours
 20965 | Lair:1   | Learned a level 4 spell: Olgreb's Toxic Radiance
 21046 | Lair:1   | Reached skill level 10 in Invocations
 21114 | Lair:1   | Found a runed translucent door.
 21117 | Lair:1   | Noticed particleface's ghost (journeyman HuSh)
 21121 | Lair:1   | Identified the +9 trident "Umovyhafe" {flame, +Blink rN+
                  | Int+2 Dex-3}
 21909 | Lair:1   | Received a gift from Okawaru
 22194 | Lair:2   | Received a gift from Okawaru
 22257 | Lair:2   | Identified a scroll of acquirement
 22258 | Lair:2   | Acquired a manual of Armour
 23021 | Lair:3   | Received a gift from Okawaru
 23157 | Lair:3   | Found a hole to the Spider Nest.
 23477 | Lair:3   | Identified the +10 quarterstaff of the Witching Saviour
                  | {freeze, rElec Str+3}
 23485 | Lair:3   | Received a gift from Okawaru
 23492 | Lair:3   | Received a gift from Okawaru
 23506 | Lair:3   | Reached skill level 10 in Dodging
 24098 | Lair:3   | Reached ****** piety under Okawaru
 24111 | Lair:3   | Found a staircase to the Swamp.
 24116 | Lair:3   | Reached skill level 10 in Armour
 24657 | Lair:4   | Identified the +2 ring mail of Patience {Slay+3} (Okawaru
                  | gifted it to you on level 4 of the Lair of Beasts)
 24657 | Lair:4   | Received a gift from Okawaru
 24798 | Lair:4   | Identified the +1 pair of gloves "Ekhij" {Harm *Corrode
                  | Str+3}
 24800 | Lair:4   | You fall into a shaft and drop 1 floor!
 24800 | Lair:5   | Entered Level 5 of the Lair of Beasts
 25130 | Lair:4   | Found a staircase to the Slime Pits.
 25130 | Lair:4   | Found a viscous altar of Jiyva.
 25203 | Lair:4   | Reached XP level 15. HP: 103/117 MP: 28/28
 25386 | Lair:4   | Found the +3 crown of Dyrovepreva {rElec Int+2 SInv}
 26038 | Lair:5   | Reached skill level 10 in Long Blades
 26038 | Lair:5   | Reached skill level 10 in Axes
 26038 | Lair:5   | Reached skill level 10 in Maces & Flails
 26038 | Lair:5   | Reached skill level 10 in Polearms
 26038 | Lair:5   | Reached skill level 10 in Staves
 26038 | Lair:5   | Reached skill level 10 in Ranged Weapons
 26038 | Lair:5   | Reached skill level 10 in Shields
 26038 | Lair:5   | Reached skill level 10 in Unarmed Combat
 26038 | Lair:5   | Reached skill level 10 in Spellcasting
 26038 | Lair:5   | Reached skill level 10 in Evocations
 26491 | Lair:5   | Identified the +5 long sword "Avagioci" {venom, Int+3}
 26495 | Lair:5   | Identified the +0 crystal plate armour "Puasaw" {Dex+2}
 26498 | Lair:5   | Identified the +2 robe of the Orange Skies {Rampage Int+3}
 26848 | Lair:5   | Reached skill level 11 in Armour
 26862 | Lair:5   | Received a gift from Okawaru
 27028 | Lair:5   | Received a gift from Okawaru
 27095 | Lair:5   | Identified the +7 lajatang of the Aged Ships {drain, Will+
                  | rCorr SInv}
 27785 | D:12     | Received a gift from Okawaru
 28106 | D:13     | Identified the +0 leather armour "Toezueg" {-Tele Fly rF++
                  | rN+}
 28271 | D:13     | Identified the +1 plate armour of Qoesam {Fly rC+ Int-3}
                  | (Okawaru gifted it to you on level 13 of the Dungeon)
 28271 | D:13     | Received a gift from Okawaru
 28629 | D:13     | Found a gate to the Vaults.
 29381 | D:14     | Reached XP level 16. HP: 126/126 MP: 30/30
 29502 | D:14     | Reached skill level 12 in Armour
 29713 | D:14     | Reached skill level 10 in Shapeshifting
 29713 | D:14     | Reached XP level 17. HP: 133/133 MP: 30/32
 30019 | D:14     | You fall into a shaft and drop 1 floor!
 30019 | D:15     | Entered Level 15 of the Dungeon
 31104 | D:15     | Received a gift from Okawaru
 31123 | D:15     | Found a staircase to the Depths.
 31643 | Spider:1 | Entered Level 1 of the Spider Nest
 31910 | Lair:3   | Received a gift from Okawaru
 32086 | Spider:1 | Reached skill level 13 in Armour
 32300 | Spider:1 | Learned a level 3 spell: Ignite Poison
 32454 | Spider:1 | Received a gift from Okawaru
 32765 | Spider:2 | Noticed Asterion
 32777 | Spider:2 | Killed Asterion
 33195 | Spider:2 | Received a gift from Okawaru
 34953 | Spider:3 | Identified the +9 dagger of Siagez {protect, rC- Will+++
                  | Int-5 Stlth+}
 35080 | Spider:3 | Reached skill level 10 in Conjurations
 35080 | Spider:3 | Reached skill level 10 in Hexes
 35080 | Spider:3 | Reached skill level 10 in Summonings
 35080 | Spider:3 | Reached skill level 10 in Necromancy
 35080 | Spider:3 | Reached skill level 10 in Translocations
 35080 | Spider:3 | Reached skill level 10 in Transmutations
 35080 | Spider:3 | Reached skill level 10 in Fire Magic
 35080 | Spider:3 | Reached skill level 10 in Ice Magic
 35080 | Spider:3 | Reached skill level 10 in Air Magic
 35080 | Spider:3 | Reached skill level 10 in Earth Magic
 35080 | Spider:3 | Reached skill level 10 in Poison Magic
 35493 | Spider:3 | Reached XP level 18. HP: 72/142 MP: 29/33
 35815 | Spider:4 | Entered Level 4 of the Spider Nest
 35835 | Spider:4 | Received a gift from Okawaru
 35968 | Spider:4 | Received a gift from Okawaru
 36232 | Spider:4 | Received a gift from Okawaru
 36324 | Spider:4 | Reached skill level 14 in Armour
 36951 | Spider:4 | Learned a level 3 spell: Portal Projectile
 36956 | Spider:4 | Learned a level 4 spell: Leda's Liquefaction
 37037 | Spider:4 | Received a gift from Okawaru
 37981 | Spider:4 | Identified the +0 pair of gloves of the Shining Light
                  | {Drain +Inv rElec rCorr}
 38018 | Spider:4 | Got a gossamer rune of Zot
 39060 | Swamp:1  | Entered Level 1 of the Swamp
 39356 | Swamp:1  | Upgraded the game from 0.31-a0-672-g7da72447bb to
                  | 0.31-a0-675-g238779eb0a
 40242 | Swamp:2  | Received a gift from Okawaru
 40327 | Swamp:2  | Learned a level 6 spell: Eringya's Noxious Bog
 40985 | Swamp:1  | Reached skill level 15 in Armour
 41398 | Swamp:3  | Noticed Kirke
 41403 | Swamp:3  | Reached XP level 19. HP: 125/149 MP: 20/35
 41406 | Swamp:3  | Killed Kirke
 42224 | Swamp:3  | Noticed a tentacled monstrosity
 42241 | Swamp:3  | Killed a tentacled monstrosity
 42241 | Swamp:3  | Received a gift from Okawaru
 42608 | Swamp:4  | Entered Level 4 of the Swamp
 43094 | Swamp:4  | Received a gift from Okawaru
 43218 | Swamp:4  | Identified the +1 pair of boots of the Spider Nest {Stlth+}
                  | (Okawaru gifted it to you on level 4 of the Swamp)
 43218 | Swamp:4  | Received a gift from Okawaru
 43258 | Swamp:4  | Found a runed translucent gate.
 43258 | Swamp:4  | Found a runed translucent gate.
 43258 | Swamp:4  | Found a runed translucent gate.
 43345 | Swamp:4  | Noticed gurdl9716's ghost (adept HOCA)
 43345 | Swamp:4  | Noticed Palms's ghost (adept VSSu)
 44525 | Swamp:4  | Got a decaying rune of Zot
 44887 | Vaults:1 | Entered Level 1 of the Vaults
 45064 | Vaults:1 | Reached skill level 15 in Stealth
 45642 | Vaults:1 | Reached skill level 16 in Armour
 46038 | Vaults:1 | Received a gift from Okawaru
 46535 | Vaults:1 | Reached XP level 20. HP: 146/159 MP: 25/37
 46824 | Vaults:2 | Received a gift from Okawaru
 46842 | Vaults:2 | Found a runed translucent door.
 48333 | Vaults:2 | Found a staircase to the Crypt.
 48572 | Vaults:2 | Identified the +1 buckler of Niklun {Will+ Dex+4}
 48761 | Vaults:3 | Received a gift from Okawaru
 48828 | Vaults:3 | Found Hupadden's Weapon Boutique.
 49039 | Vaults:3 | Reached skill level 15 in Invocations
 49089 | Vaults:3 | Reached skill level 17 in Armour
 49544 | Vaults:3 | Found Foacw's Jewellery Emporium.
 49738 | Vaults:3 | You fall into a shaft and drop 1 floor!
 49871 | Vaults:4 | Got the Cyclopedia of Assaults
 49986 | Vaults:4 | Received a gift from Okawaru
 50576 | Vaults:3 | Found Joeq's Weapon Shop.
 50646 | Vaults:3 | Reached XP level 21. HP: 166/166 MP: 31/39
 51988 | Vaults:4 | Received a gift from Okawaru
 52013 | Vaults:4 | Noticed a dread lich
 52044 | Vaults:4 | Paralysed by a dread lich for 2 turns
 52045 | Vaults:4 | Killed from afar by a green death

Illustrated notes

Levels and vault maps discovered:
D:1:      dpeg_arrival_rooms_with_view, layout_basic,
          ebering_ecumenical_altar_hall
D:2:      minmay_diamond_boxcup, layout_rooms, nicolae_shop_vocational
D:3:      layout_basic, mainiacjoe_overflow_boulevard, minmay_surrounded
D:4:      layout_basic, minmay_temple_entry_gardened_gates, uniq_menkaure
D:5:      layout_basic, minitemple, minmay_joined_circles, uniq_blork_the_orc
D:6:      layout_cave_pods, mainiacjoe_overflow_alcove_3,
          uniq_crazy_yiuf_cottage
D:7:      layout_cave_pools, serial_gnoll_camp, gnoll_camp_medium_01,
          gnoll_camp_mini_shop, grums_kennel, gnoll_camp_mini_house,
          gnoll_camp_huts_moat, enter_bailey_4, gammafunk_ghost_cemetery,
          minivault_10, uniq_joseph
D:8:      layout_basic, erik_lair_island, serial_shops, nicolae_stop_n_shop_2,
          hangedman_minor_gate_pass
D:9:      layout_roguey, ebering_ghost_gozag
D:10:     gammafunk_mikee_crab_dinner, layout_basic, elyvilon_altar_4
D:11:     minmay_the_grid_3x2 [minmay_the_grid_expand,
          minmay_the_grid_minigrid_large, minmay_the_grid_odd_star,
          minmay_the_grid_plusring, minmay_the_grid_slots,
          minmay_the_grid_prize_big_room], layout_basic, david_orc_4,
          nicolae_sif_muna_condensation
D:12:     layout_basic
D:13:     minmay_s_stair_smasher, layout_cave_pools, david_vaults_5,
          serial_column_ruins, column_ruins_square_small, column_ruins_hut,
          column_ruins_grid_4, column_ruins_grid_1, column_ruins_open_tiny,
          column_ruins_open_tiny, column_ruins_open_small_water
D:14:     layout_grid_maze, hangedman_abyss_or_decor_stagger, serial_bayou,
          serial_bayou_pond_d, serial_bayou_ford_a, serial_bayou_pond_e,
          serial_bayou_lake_a, serial_bayou_pond_a, serial_bayou_crossing
D:15:     grunt_enter_depths_magical_seal, layout_long_grid,
          chequers_serial_rivers_large_b, grunt_decor_one_mirror,
          corexii_hall_statues_i
Temple:   bh_familiar_temple
Lair:1:   layout_regular_city, ebering_ghost_funeral_grove, serial_bayou_pond_c,
          guppyfry_lair_drakes, infiniplex_staircase_pool_2,
          serial_bayou_shore_b, grunt_megastairs_1
Lair:2:   layout_hall_layers, serial_bayou_shore_a
Lair:3:   layout_layer_cave, nicolae_swamp_entry_splash_gauntlet,
          spider_nest_entry_webs, chequers_serial_rivers_small_3,
          beast_lair_carwin_10
Lair:4:   lemuel_slime, layout_regular_city, nicolae_slime_entry_slimehenge,
          minmay_lair_oklob_bushes, beast_lair_carwin_6
Lair:5:   evilmike_catoblepas_cave, layout_small_grid, minmay_lindwurm_lava,
          grunt_megastairs_5
Swamp:1:  nicolae_swamp_long_stream, layout_basic_swamp,
          evilmike_swamp_ruin_house_3, swamp_pool5, infiniplex_staircase_pool
Swamp:2:  nicolae_swamp_phyte_club, layout_falls_marsh,
          evilmike_swamp_ruin_rubble_1
Swamp:3:  nzn_winding_woodlands_three_and_one
          [nzn_winding_woodlands_5x15_pathside_ponds,
          nzn_winding_woodlands_5x15_lazy_stream,
          nzn_winding_woodlands_5x15_sidewinder,
          nzn_winding_woodlands_center_triple_pond], layout_falls_marsh,
          evilmike_swamp_ruin_wall, swamp_pool1, nicolae_swamp_bunyip_nook,
          uniq_kirke
Swamp:4:  swamp_icy, layout_basic_swamp, gammafunk_ghost_cemetery
Spider:1: layout_spider_delve
Spider:2: layout_chambers, hangedman_spider_tarantella_strand, uniq_asterion
Spider:3: layout_cave_pods, nicolae_spider_cling_halls
Spider:4: spider_rune_water
Orc:1:    layout_diamond_mine, basic_altar, portal_ice_cave_entry_pillars_2,
          minmay_orc_temple_a
Orc:2:    st_orc_congregation, layout_diamond_mine
Vaults:1: nicolae_vaults_network_quincunx
          [nicolae_vaults_network_quincunx_subvault,
          nicolae_vaults_network_quincunx_subvault,
          nicolae_vaults_network_quincunx_subvault,
          nicolae_vaults_network_quincunx_subvault,
          nicolae_vaults_network_quincunx_subvault],
          ontoclasm_vaults_ring_small, serial_ice_h,
          nicolae_vaults_closet_pinwheel_1, vaults_mumra_hexcomb,
          vaults_standard_mumra_lines, vaults_dpeg_emergency_exit, v_misc_10,
          ontoclasm_vaults_pinch, hangedman_vaults_cutoff,
          nicolae_vaults_trapezoid_2, nicolae_vaults_diamond_2,
          layout_vaults_omnicross
Vaults:2: nicolae_vaults_variable_pillar_hall, nicolae_vaults_oozy_zoo,
          v_misc_8, v_misc_11, v_misc_9, ontoclasm_vaults_ring_large,
          grunt_vaults_trifunnel, nicolae_vaults_apartment_2,
          nicolae_vaults_closet_pinwheel_3, minmay_crypt_entry_simple_corners,
          ontoclasm_vaults_chip, vaults_room_stairs_pillars,
          hangedman_vaults_river_flow, nicolae_vaults_double_plus_2,
          layout_vaults_maze_snakey
Vaults:3: nicolae_vaults_rhombus_7, nicolae_vaults_yaktaur_gun_rack,
          nicolae_vaults_ring_of_whatevers, nicolae_vaults_tetromino_L_2,
          v_misc_32, nicolae_vaults_spaceships,
          nicolae_vaults_trapezoid_lopsided_3, vaults_room_door_hall,
          nicolae_vaults_heart-shaped_vault, layout_vaults_chaotic_city,
          serial_shops, nicolae_shop_tiny_waterfront, shop, shop
Vaults:4: hangedman_vaults_corner, nicolae_vaults_storage_closets_2,
          nicolae_vaults_prndl, vaults_room_fancy_cross,
          grunt_vaults_hallway_long, grunt_vaults_diagonal,
          nicolae_vaults_big_angled_halls, nicolae_vaults_ellipses_ellipsis,
          nicolae_vaults_trapezoid_2, nicolae_vaults_fighting_squares,
          vaults_mumra_chevron_long, vaults_room_boxed,
          nicolae_vaults_tetromino_T_1, vaults_room_pools,
          nicolae_vaults_offset_grid_hallway_1, v_alt_pattern_1,
          layout_vaults_omnibox

Skill      XL: |  1  2  3  4  5  6  7  8  9 10 11 12 13 14 15 16 17 18 19 20 21 |
---------------+----------------------------------------------------------------+-----
Invocations    | 1 2 3 4 5 6 7 8 9 10 11 12 13 14 15 | 15.4
Long Blades    | 1 2 3 4 5 7 9 10 11 12 13 14 | 14.2
Axes           | 1 2 3 4 5 7 9 10 11 12 13 14 | 14.2
Maces & Flails | 1 2 3 4 5 7 9 10 11 12 13 14 | 14.2
Polearms       | 1 2 3 4 5 7 9 10 11 12 13 14 | 14.2
Staves         | 1 2 3 4 5 7 9 10 11 12 13 14 | 14.2
Ranged Weapons | 1 2 3 4 5 7 9 10 11 12 13 14 | 14.2
Armour         | 1 2 3 4 5 7 9 10 11 12 13 15 16 17 | 17.6
Shields        | 1 2 3 4 5 7 9 10 11 12 13 14 | 14.2
Unarmed Combat | 1 2 3 4 5 7 9 10 11 12 13 14 | 14.2
Spellcasting   | 1 2 3 4 5 7 9 10 11 12 13 14 | 14.2
Evocations     | 1 2 3 4 5 7 9 10 11 12 13 14 | 14.2
Shapeshifting  | 1 2 3 4 5 6 7 8 9 10 11 12 13 | 13.1
Conjurations   | 1 2 3 4 5 6 7 8 9 10 11 12 | 12.1
Hexes          | 1 2 3 4 5 6 7 8 9 10 11 12 | 12.1
Summonings     | 1 2 3 4 5 6 7 8 9 10 11 12 | 12.1
Necromancy     | 1 2 3 4 5 6 7 8 9 10 11 12 | 12.1
Translocations | 1 2 3 4 5 6 7 8 9 10 11 12 | 12.1
Transmutations | 1 2 3 4 5 6 7 8 9 10 11 12 | 12.1
Fire Magic     | 1 2 3 4 5 6 7 8 9 10 11 12 | 12.1
Ice Magic      | 1 2 3 4 5 6 7 8 9 10 11 12 | 12.1
Air Magic      | 1 2 3 4 5 6 7 8 9 10 11 12 | 12.1
Earth Magic    | 1 2 3 4 5 6 7 8 9 10 11 12 | 12.1
Poison Magic   | 1 2 3 4 5 6 7 8 9 10 11 12 | 12.1
Dodging        | 3 4 5 6 7 8 9 10 11 12 13 14 | 14.4
Stealth        | 8 9 10 11 12 13 14 15 16 | 16.0
Fighting       | 5 6 7 8 9 10 11 12 13 14 | 14.9
Short Blades   | 5 6 7 8 9 10 11 12 13 14 | 14.9
Throwing       | 5 6 7 8 9 10 11 12 13 14 | 14.9

Action                     |  1- 3 |  4- 6 |  7- 9 | 10-12 | 13-15 | 16-18 | 19-21 || total
---------------------------+-------+-------+-------+-------+-------+-------+-------++-------
  Melee: Dagger            |   125 |   155 |   440 |       |    35 |     6 |       ||   761
         Bite              |    10 |    10 |    57 |   107 |   172 |   186 |   269 ||   811
         Punch             |       |     2 |       |       |     6 |    19 |       ||    27
         Kick              |       |       |   186 |    21 |       |       |       ||   207
         Spear             |       |       |     7 |   527 |       |       |       ||   534
         Unarmed           |       |       |     1 |       |       |       |       ||     1
         Long sword        |       |       |       |   330 |   636 |   297 |       ||  1263
         Short sword       |       |       |       |     1 |       |       |       ||     1
         Quarterstaff      |       |       |       |       |   156 |       |       ||   156
         Staff             |       |       |       |       |   340 |   389 |  1250 ||  1979
         Lajatang          |       |       |       |       |       |   116 |       ||   116
         Broad axe         |       |       |       |       |       |    86 |       ||    86
  Throw: Dart              |       |    10 |    43 |    41 |    54 |    13 |     3 ||   164
         Javelin           |       |       |       |       |     2 |     2 |       ||     4
   Cast: Freezing Cloud    |       |       |       |       |    23 |    58 |    66 ||   147
         Olgreb's Toxic Ra |       |       |       |       |    17 |    77 |    19 ||   113
         Lesser Beckoning  |       |       |       |       |     1 |     2 |     3 ||     6
         Leda's Liquefacti |       |       |       |       |       |     1 |     2 ||     3
         Poisonous Vapours |       |       |       |       |       |     1 |     3 ||     4
         Eringya's Noxious |       |       |       |       |       |       |     8 ||     8
 Invoke: Heroism           |       |       |     1 |     5 |     3 |     2 |       ||    11
Ability: Evoke Invisibilit |       |       |       |       |       |     1 |       ||     1
  Evoke: Wand              |       |     8 |    18 |    18 |     9 |       |     1 ||    54
         Lightning rod     |       |       |       |       |     4 |       |     5 ||     9
         Condenser vane    |       |       |       |       |     1 |       |       ||     1
    Use: Potion            |       |     4 |       |       |     2 |     4 |       ||    10
         Scroll            |       |       |    10 |     2 |    15 |     8 |     1 ||    36
   Stab: Sleeping          |     6 |    18 |     4 |    17 |    22 |    10 |    22 ||    99
         Distracted        |       |       |     1 |     7 |     3 |     2 |       ||    13
         Invisible         |       |       |       |       |     2 |     2 |       ||     4
         Confused          |       |       |       |       |       |     3 |       ||     3
 Armour: Robe              |    41 |    47 |   136 |   156 |       |       |       ||   380
         Skin              |       |     3 |       |       |       |       |       ||     3
         Acid dragon scale |       |       |       |    99 |       |       |       ||    99
         Leather armour    |       |       |       |   115 |   515 |   626 |   604 ||  1860
         Ring mail         |       |       |       |       |    13 |       |       ||    13
  Dodge: Dodged            |    52 |    91 |   156 |   555 |   671 |   753 |   526 ||  2804
  Block: Buckler           |       |     2 |    77 |   316 |   446 |   177 |   215 ||  1233
         Reflection        |       |       |       |       |    12 |    11 |    51 ||    74
         Other             |       |       |       |       |    36 |    95 |       ||   131
         Kite shield       |       |       |       |       |       |   384 |   606 ||   990

Table legend: (Time is in decaauts)
 A = Elapsed time spent in this place.
 B = Non-inter-level travel time spent in this place.
 C = Inter-level travel time spent in this place.
 D = Time resting spent in this place.
 E = Time spent auto-exploring this place.
 F = Levels seen in this place.
 G = Mean time per level.
                   A        B        C        D        E       F      G
               +--------+--------+--------+--------+--------+-----+--------+
         Total |  51098 |  48656 |   2442 |   5370 |  32711 |  37 | 1381.0 |
       Dungeon |  19177 |  17969 |   1208 |   1714 |  12595 |  15 | 1278.5 |
        Temple |      2 |      2 |      0 |      0 |      0 |   1 |    2.0 |
          Lair |   7313 |   6770 |    543 |    346 |   5299 |   5 | 1462.6 |
         Swamp |   5464 |   5286 |    178 |    718 |   3458 |   4 | 1366.0 |
   Spider Nest |   6793 |   6668 |    125 |    506 |   5102 |   4 | 1698.2 |
  Orcish Mines |   3473 |   3277 |    196 |    515 |   1256 |   2 | 1736.5 |
        Vaults |   6861 |   6673 |    188 |    669 |   4674 |   4 | 1715.2 |
        Bailey |   1233 |   1233 |      0 |    572 |    247 |   1 | 1233.0 |
      Ice Cave |    777 |    777 |      0 |    329 |     78 |   1 |  777.0 |
               +--------+--------+--------+--------+--------+-----+--------+

Top non-repeatable levels by time:
Spider:4: 2999 daAuts
   Orc:2: 2535 daAuts
Vaults:3: 2341 daAuts
  Lair:3: 2082 daAuts
     D:6: 1984 daAuts
     D:5: 1965 daAuts
 Swamp:4: 1940 daAuts
    D:11: 1939 daAuts
Spider:2: 1911 daAuts
Vaults:2: 1873 daAuts
Vaults:1: 1844 daAuts
     D:8: 1795 daAuts
    D:10: 1638 daAuts
  Lair:5: 1562 daAuts
 Swamp:2: 1535 daAuts
